 Dungeon Crawl Stone Soup version 0.30.0-5-g1a98f26d00 (webtiles) character file.

Game seed: 7284932153404153357

13 sampeng1 the Conjurer (level 2, -1/15 (22) HPs)
             Began as a Human Reaver on May 11, 2023.
             Slain by a hobgoblin (5 damage)
             ... on level 1 of the Dungeon.
             The game lasted 00:01:29 (328 turns).

sampeng1 the Conjurer (Human Reaver)                 Turns: 328, Time: 00:01:29

HP:   -1/15 (22)    AC:  2    Str: 12    XL:     2   Next: 50%
MP:   4/5           EV: 12    Int: 19    God:
Gold: 23            SH:  0    Dex: 11    Spells: 4/5 levels left

rFire   . . .        a - +0 hand axe
rCold   . . .        (no shield)
rNeg    . . .        g - +0 robe
rPois   .            (no helmet)
rElec   .            (no cloak)
rCorr   .            (no gloves)
SInv    .            (no boots)
Will    .....        (no amulet)
Stlth   +            d - +6 ring of intelligence
HPRegen 0.22/turn    (no ring)
MPRegen 0.09/turn

%: no passive effects
@: very heavily drained
A: no striking features
a: no special abilities


You were on level 1 of the Dungeon.
You visited 1 branch of the dungeon, and saw 1 of its levels.

You collected 23 gold pieces.

Inventory:

Hand Weapons
 a - a +0 hand axe (weapon)
Armour
 b - a +0 leather armour
 g - a +0 robe (worn)
Jewellery
 d - a +6 ring of intelligence (left hand)
Scrolls
 c - a scroll of silence {unknown}
 f - a scroll of fog {unknown}
Potions
 e - a potion of flight {unknown}
 h - a potion of haste {unknown}


   Skills:
 + Level 2.2 Fighting
 + Level 3.1 Axes
 + Level 2.2 Dodging
 + Level 2.1 Spellcasting
 + Level 3.1 Conjurations


You had 4 spell levels left.
You knew the following spells:

 Your Spells              Type           Power      Damage    Failure   Level
a - Kiss of Death         Conj/Necr      32%        2d7       9%          1

Your spell library contained the following spells:

 Spells                   Type           Power      Damage    Failure   Level
 Momentum Strike          Conj/Tloc      16%        3d8       13%         2
 Hailstorm                Conj/Ice       8%         3d4       26%         3


Dungeon Overview and Level Annotations

Branches:
Dungeon (1/15)

Altars:


Message History

The jackal bites you. x2
You hit the jackal but do no damage.
The jackal is heavily wounded.
The jackal bites you.
You closely miss the jackal.
The jackal is heavily wounded.
The jackal misses you. The jackal bites you.
You barely miss the jackal.
The jackal is heavily wounded.
The jackal bites you.
You completely miss the jackal.
The jackal is heavily wounded.
The jackal bites you but does no damage.
The jackal closely misses you.
You hit the jackal.
The jackal is severely wounded.
The jackal bites you. The jackal barely misses you.
Casting: Kiss of Death (safe; 9% risk of failure)
Confirm with . or Enter, or press ? or * to list all spells.
Aiming: Kiss of Death (safe; 9% risk of failure)
Press: ? - help, Shift-Dir - straight line, f - jackal
Aim: a jackal (severely wounded, 100% to hit)
The negative energy hits the jackal.
The jackal is drained!
You kill the jackal!
You feel drained.
Unknown command.
You hit the hobgoblin.
The hobgoblin is moderately wounded.
The hobgoblin barely misses you. The hobgoblin hits you.
You closely miss the hobgoblin.
The hobgoblin is moderately wounded.
The hobgoblin barely misses you.
You hit the hobgoblin but do no damage.
The hobgoblin is moderately wounded.
The hobgoblin hits you.
* * * LOW HITPOINT WARNING * * *
You barely miss the hobgoblin.
The hobgoblin is moderately wounded.
The hobgoblin hits you.
You die...

#.........#
+.........+
#.........#
#.......#
#.....###
#...##.. #'#
#.# #g# #.# ##
#@# #.# ..
##.###.###.###
##...##[.......
#........##.###
##..###..##.#
####..# #.....#
..>...###..####
###.......#
#...)...#


You could see a hobgoblin.

Vanquished Creatures
  A ball python (D:1)
  2 endoplasms (D:1)
  A goblin (D:1)
  A hobgoblin (D:1)
  4 jackals (D:1)
  A rat (D:1)
10 creatures vanquished.

Notes
Turn   | Place    | Note
-------+----------+-------------------------------------------
     0 | D:1      | sampeng1 the Human Reaver began the quest for the Orb.
     0 | D:1      | Reached XP level 1. HP: 16/16 MP: 3/3
   282 | D:1      | Reached XP level 2. HP: 22/22 MP: 5/5
   328 | D:1      | Slain by a hobgoblin

Illustrated notes

Levels and vault maps discovered:
D:1:      wander_arrival_desolate, layout_loops_corners

Action                     || total
---------------------------++-------
  Melee: Hand axe          ||    36
   Cast: Kiss of Death     ||     2
 Armour: Robe              ||     3
  Dodge: Dodged            ||    21
